 Dungeon Crawl Stone Soup version 0.26-a0-259-g1effd001a9 (webtiles) character file.

Game seed: 12799968719091865343

41 MalarOregon the Twirler (level 3, -8/30 HPs)
             Began as a Draconian Gladiator on July 12, 2020.
             Mangled by a kobold
             ... wielding a +1 whip of electrocution
              (18 damage)
             ... on level 2 of the Dungeon.
             The game lasted 00:01:15 (1249 turns).

MalarOregon the Twirler (Draconian Gladiator)       Turns: 1249, Time: 00:01:15

Health: -8/30      AC:  7    Str: 16    XL:     3   Next: 32%
Magic:  3/3        EV: 13    Int:  9    God:
Gold:   65         SH:  0    Dex: 12    Spells: 2/2 levels left

rFire    . . .     SeeInvis .   a - +0 quarterstaff
rCold    . . .     Faith    .   (shield currently unavailable)
rNeg     . . .     Spirit   .   (armour unavailable)
rPois    .         Reflect  .   g - +2 hat
rElec    .         Harm     .   (no cloak)
rCorr    .                      (no gloves)
MR       .....                  (no boots)
Stlth    +.........             (no amulet)
HPRegen  0.10/turn              (no ring)
MPRegen  0.08/turn              (no ring)

@: no status effects
A: unfitting armour, cold-blooded, AC +5
a: no special abilities


You were on level 2 of the Dungeon.
You were not hungry.

You visited 1 branch of the dungeon, and saw 2 of its levels.

You collected 65 gold pieces.

Inventory:

Hand Weapons
 a - a +0 quarterstaff (weapon)
 i - a +1 dagger of speed
   (You found it on level 1 of the Dungeon)
Armour
 g - a +2 hat (worn)
   (You found it on level 1 of the Dungeon)
Scrolls
 b - a scroll of blinking {unknown}
 f - a scroll of enchant armour {unknown}
 j - a scroll of random uselessness {unknown}
Potions
 d - a potion of heal wounds {unknown}
 h - a potion of stabbing {unknown}
Comestibles
 e - 7 rations {!d}


   Skills:
 + Level 2.8 Fighting
 + Level 3.4 Staves
 + Level 2.2 Throwing
 + Level 3.0 Dodging


You had 2 spell levels left.
You didn't know any spells.
Your spell library was empty.

Dungeon Overview and Level Annotations

Branches:
Dungeon (2/15)

Altars:


Innate Abilities, Weirdness & Mutations

Your plain brown scales are hard. (AC +5)
You cannot fit into any form of body armour.
You are cold-blooded and may be slowed by cold attacks.


Message History

No target in view!
No target in view!
No target in view!
No target in view!
No target in view!
No target in view!
You open the door.
A frilled lizard comes into view.
A frilled lizard is nearby!
A frilled lizard is nearby!
There is an open door here.
The frilled lizard hisses angrily.
Found 17 gold pieces and a dagger.
A kobold comes into view.
It is wielding a +1 whip of electrocution.
The kobold shouts!
The frilled lizard bites you.
The kobold throws a stone.
The stone hits you.
You see here a stone.
You hit the frilled lizard.
You kill the frilled lizard!
The kobold throws a stone.
The stone misses you. The kobold hits you but does no damage.
You closely miss the kobold. The kobold closely misses you.
You closely miss the kobold. The kobold closely misses you.
You closely miss the kobold.
The kobold hits you with a +1 whip of electrocution.
You are electrocuted!
Ouch! That really hurt!
* * * LOW HITPOINT WARNING * * *
Unknown command.
Throwing (i - inventory)
c - 3 throwing nets (quivered)
{!f}
Aim: a kobold, wielding a +1 whip of electrocution and quivering 3 stones Really fire
c - 3 throwing nets {!f}?
You throw a throwing net {!f}.
The throwing net {!f} closely misses the kobold.
The kobold closely misses you.
Throwing (i - inventory)
c - 2 throwing nets (quivered)
{!f}
Aim: a kobold, wielding a +1 whip of electrocution and quivering 3 stones Really fire
c - 2 throwing nets {!f}?
You throw a throwing net {!f}.
The throwing net {!f} closely misses the kobold.
The kobold closely misses you.
Throwing (i - inventory)
c - a throwing net (quivered)
{!f}
Aim: a kobold, wielding a +1 whip of electrocution and quivering 3 stones Really fire
c - a throwing net {!f}?
You throw a throwing net {!f}.
The throwing net {!f} closely misses the kobold.
The kobold hits you but does no damage.
You are electrocuted!!
Ouch! That really hurt!
You die...

## ##+# . .### ##...##
.#..$ ##.....## ...# #
##.......## ##.##.#
#.........####...#.#
+.........'..(.....#
#.........####...#.###
#.......## ##@.....#
##.....## ##K....#
##...## .....# ##'##
...).# #.# .....#
######.###### ##.###
....##......# .#
###.#...###.# .#
#<....#


You could see a kobold.

Vanquished Creatures
  2 dart slugs (D:1)
  5 bats
  A giant cockroach (D:1)
  6 goblins (D:1)
  4 hobgoblins (D:1)
  3 jackals (D:1)
  5 kobolds (D:1)
  2 ball pythons (D:1)
  4 frilled lizards
  A rat (D:1)
33 creatures vanquished.

Notes
Turn   | Place    | Note
-------+----------+-------------------------------------------
     0 | D:1      | MalarOregon the Draconian Gladiator began the quest for the
                  | Orb.
     0 | D:1      | Reached XP level 1. HP: 17/17 MP: 1/1
   168 | D:1      | Reached XP level 2. HP: 24/25 MP: 2/2
   525 | D:1      | Reached XP level 3. HP: 30/30 MP: 3/3
  1249 | D:2      | Mangled by a kobold

Illustrated notes

Levels and vault maps discovered:
D:1:      dpeg_arrival_water_fire, layout_basic, due_unseen_surprise
D:2:      layout_loops_corners, first_ration, uniq_crazy_yiuf_cottage

Skill      XL: |  1  2 |
---------------+-------+-----
Throwing       | 2 |  2.2
Dodging        | 3 |  3.0
Fighting       | |  2.8
Staves         | |  3.4

Action                   || total
-------------------------++-------
Melee: Quarterstaff      ||    98
       Tailslap          ||     7
Throw: Throwing net      ||     3
 Stab: Sleeping          ||     1
  Eat: Ration            ||     1
Armor: Skin              ||    34
Dodge: Dodged            ||    80

Table legend:
 A = Non-vault XP
 B = Vault XP
 C = Vault XP percentage of total XP
 D = Non-vault monster count
 E = Vault monster count
 F = Vault count percentage of total count
                 A         B        C        D         E       F
            +---------+---------+-------+---------+---------+-------
      Total |      59 |       0 |   0.0 |      33 |       0 |   0.0
            +---------+---------+-------+---------+---------+-------
        D:1 |      57 |       0 |   0.0 |      31 |       0 |   0.0
        D:2 |       2 |       0 |   0.0 |       2 |       0 |   0.0
            +---------+---------+-------+---------+---------+-------
